 Dungeon Crawl Stone Soup version 0.27.1-33-g824d729ab1 (webtiles) character file.

Game seed: 11439794441902497955

4 zeram the Sneak (level 1, 0/11 HPs)
             Began as an Octopode Enchanter on Dec 13, 2021.
             Frozen to death by an endoplasm (4 damage)
             ... on level 1 of the Dungeon.
             The game lasted 00:00:22 (66 turns).

zeram the Sneak (Octopode Enchanter)                  Turns: 66, Time: 00:00:22

Health: 0/11       AC:  1    Str:  7    XL:     1   Next: 60%
Magic:  3/3        EV: 13    Int: 17    God:
Gold:   12         SH:  0    Dex: 12    Spells: 3/4 levels left

rFire    . . .     SeeInvis .   a - +1 dagger
rCold    . . .     Faith    .   (no shield)
rNeg     . . .     Spirit   .   (helmet restricted)
rPois    .         Reflect  .   (no amulet)
rElec    .         Harm     .   (no ring)
rCorr    .         Rampage  .   (no ring)
Will     .....                  (no ring)
Stlth    ++++......             (no ring)
HPRegen  0.03/turn              (no ring)
MPRegen  0.08/turn              (no ring)
                                (no ring)
                                (no ring)

@: no status effects
A: almost no armour, amphibious, 8 rings, camouflage 1, gelatinous body 1,
(nimble swimmer 1), tentacles
a: no special abilities


You were on level 1 of the Dungeon.
You visited 1 branch of the dungeon, and saw 1 of its levels.

You collected 12 gold pieces.

Inventory:

Hand Weapons
 a - a +1 dagger (weapon)


   Skills:
 + Level 1.0 Short Blades
 + Level 2.0 Dodging
 + Level 4.5 Stealth
 - Level 2.0 Spellcasting
 + Level 3.0 Hexes


You had 3 spell levels left.
You knew the following spells:

 Your Spells              Type           Power      Damage    Failure   Level
a - Corona                Hex            12%        N/A       5%          1

Your spell library contained the following spells:

 Spells                   Type           Power      Damage    Failure   Level
 Ensorcelled Hibernation  Hex/Ice        12%        N/A       16%         2
 Confusing Touch          Hex            11%        N/A       17%         3
 Tukima's Dance           Hex            11%        N/A       17%         3
 Dazzling Flash           Conj/Hex       12%        N/A       30%         3


Dungeon Overview and Level Annotations

Branches:
Dungeon (1/15)

Altars:


Innate Abilities, Weirdness & Mutations

You cannot wear most types of armour.
You are amphibious.
You can wear up to eight rings at the same time.
Your skin changes colour to match your surroundings (Stealth+).
Your rubbery body absorbs attacks. (AC +1, EV +1)
((You are camouflaged near water. (Stealth+)))
You have tentacles for arms and can constrict up to eight enemies at once.


Message History

Found 11 sling bullets.
The endoplasm quivers.
The helpless giant cockroach fails to defend itself.
You puncture the giant cockroach!
You kill the giant cockroach!
The endoplasm freezes you.
You are frozen.
You hit the endoplasm.
The endoplasm is moderately wounded.
The endoplasm freezes you.
You are frozen.
You hit the endoplasm. You squeeze the endoplasm.
You kill the endoplasm!
A goblin comes into view. It is wielding a +0 club.
A frilled lizard, an endoplasm and a goblin come into view.
Found a trident.
The helpless endoplasm fails to defend itself.
You impale the endoplasm!!
You kill the endoplasm!
The frilled lizard hisses angrily.
The endoplasm quivers.
You hear a bark!
A jackal comes into view.
The goblin shouts!
You completely miss the endoplasm. The endoplasm hits you.
You are too injured to fight recklessly!
You are too injured to fight recklessly!
You are too injured to fight recklessly!
Unknown command.
You hit the endoplasm but do no damage. The endoplasm hits you.
* * * LOW HITPOINT WARNING * * *
Unknown command.
The goblin barely misses you. The goblin closely misses you.
The goblin misses you.
You hit the endoplasm.
The endoplasm is severely wounded.
The endoplasm freezes you.
You are frozen.
You die...

.############g#Z#Z########
..# #^#p#p#Z#######Z#Z#Z#
#.########### #######
#..########### ###
##....#......# #..
####........# #.#
######.......# #.#
.............# #.#
......#......# #@# #
......#.########J##.###
...............gg.....#
.......#.#####..)####.#
...............#l#
......#.#.##...##h..#
......#........# .⌠..#
+####.....>#...# ...##
#.####.#.....#)#.#


You could see an endoplasm, a jackal, 2 goblins and a frilled lizard.

Vanquished Creatures
  2 endoplasms (D:1)
  A giant cockroach (D:1)
3 creatures vanquished.

Notes
Turn   | Place    | Note
-------+----------+-------------------------------------------
     0 | D:1      | zeram the Octopode Enchanter began the quest for the Orb.
     0 | D:1      | Reached XP level 1. HP: 11/11 MP: 3/3
     0 | D:1      | Noticed a minotaur zombie
     8 | D:1      | Noticed a dwarf
    11 | D:1      | Noticed a naga
    11 | D:1      | Noticed a dwarf
    15 | D:1      | Noticed a demigod
    15 | D:1      | Noticed a human
    17 | D:1      | Noticed a formicid
    17 | D:1      | Noticed a human
    66 | D:1      | Frozen to death by an endoplasm

Illustrated notes

Levels and vault maps discovered:
D:1:      shiori_arrival_whats_in_store_for_you, layout_basic,
          minmay_fountain_box, minmay_hexomino_f4

Action                   || total
-------------------------++-------
Melee: Dagger            ||     7
       Tentacles         ||     1
 Stab: Sleeping          ||     2
Dodge: Dodged            ||     3
